 Dungeon Crawl Stone Soup version 0.28-a0-863-g8cecda6153 (webtiles) character file.

Game seed: 17295024568079507194

34999 Zdeegee the Thaumaturge (level 13, -5/108 HPs)
             Began as a Purple Draconian Ice Elementalist on Nov 18, 2021.
             Was an Elder of Vehumet.
             Slain by a cane toad (10 damage)
             ... on level 4 of the Lair of Beasts.
             The game lasted 01:00:53 (21810 turns).

Zdeegee the Thaumaturge (DrIE)                     Turns: 21810, Time: 01:00:54

Health: -5/108     AC: 18    Str: 10    XL:     13   Next: 45%
Magic:  30/30      EV: 15    Int: 26    God:    Vehumet [****..]
Gold:   746        SH:  0    Dex: 13    Spells: 19/39 levels left

rFire   + . .      SeeInvis .   a - staff of cold
rCold   + . .      Faith    +   (no shield)
rNeg    . . .      Spirit   .   (armour unavailable)
rPois   .          Reflect  .   (helmet restricted)
rElec   .          Harm     .   R - +0 cloak
rCorr   .          Rampage  .   N - +2 pair of gloves "Tufuyv" {rF+}
Will    +....                   J - +1 pair of boots
Stlth   +.........              o - amulet of faith
HPRegen 0.28/turn               I - +4 ring of protection
MPRegen 0.22/turn               D - +6 ring of intelligence

@: confused, lethally poisoned (-5 -> -16), ambrosia-drunk
A: breathe power, AC +8, unfitting armour, cold-blooded
a: Breathe Dispelling Energy, Renounce Religion


You were on level 4 of the Lair of Beasts.
You worshipped Vehumet.
Vehumet was greatly pleased with you.
You visited 3 branches of the dungeon, and saw 16 of its levels.
You also visited: Ossuary and Gauntlet.

You collected 978 gold pieces.
You spent 232 gold pieces at shops.

Inventory:

Hand Weapons
 b - the +4 quarterstaff "Zuusue" {speed, rCorr}
   (You found it on level 4 of the Dungeon)

   Attacks with this weapon are significantly faster.
   rCorr:     It protects you from acid and corrosion.
 c - the +7 falchion of Corruption {vorpal, +Blink rC+++ Int-3 Dex-5}
   (You bought it in a shop on level 9 of the Dungeon)

   It inflicts extra damage upon your enemies.
   Int:       It affects your intelligence (-3).
   Dex:       It affects your dexterity (-5).
   rC:        It renders you almost immune to cold.
   +Blink:    It lets you blink.
 d - the +6 spear of the Vestibule of Hell {spect, rF+ rC+}
   (You found it in a Gauntlet)

   When its wielder attacks, the weapon's spirit leaps out and strikes again.
   The spirit shares a part of any damage it takes with its wielder.
   rF:        It protects you from fire.
   rC:        It protects you from cold.
 k - the +7 long sword "Onwihesu" {venom, rF- rC+++ Int+8 Stlth+}
   (You found it in a Gauntlet)

   It poisons the flesh of those it strikes.
   Int:       It affects your intelligence (+8).
   rF:        It makes you vulnerable to fire.
   rC:        It renders you almost immune to cold.
   Stlth:     It makes you more stealthy.
 O - the +11 plutonium sword {Contam Stlth-}
   (You found it in a Gauntlet)

   It occasionally inflicts wild transmutation effects on those it strikes,
   inflicting malmutation or extra damage, or polymorphing them into a new form.
   Contam:    It causes magical contamination when unequipped.
   Stlth:     It makes you less stealthy.
Missiles
 i - 53 sling bullets
 j - 41 poisoned darts
 n - 341 stones
 S - a throwing net
Armour
 z - +0 acid dragon scales
 J - a +1 pair of boots (worn)
 L - a +2 pair of gloves of dexterity
 N - the +2 pair of gloves "Tufuyv" (worn) {rF+}
   (You found it in a Gauntlet)

   rF:        It protects you from fire.
 R - a +0 cloak (worn)
Magical Staves
 a - a staff of cold (weapon)
 Q - a staff of fire
Jewellery
 o - an amulet of faith (around neck)
 p - a ring of poison resistance
 D - a +6 ring of intelligence (right hand)
 E - an amulet of magic regeneration
 I - a +4 ring of protection (left hand)
 P - the ring of Wirhaebe {rC+ SInv}
   (You found it in a Gauntlet)

   [ring of protection from cold]

   rC:        It protects you from cold.
   SInv:      It lets you see invisible.
Wands
 h - a wand of paralysis (15)
 r - a wand of digging (3)
 x - a wand of flame (33)
 C - a wand of iceblast (34)
 M - a wand of charming (10)
Scrolls
 m - 5 scrolls of teleportation
 u - a scroll of identify
 y - a scroll of enchant weapon
 B - 4 scrolls of amnesia
 F - 3 scrolls of summoning
 G - a scroll of fog
Potions
 e - 2 potions of brilliance
 f - a potion of mutation
 g - a potion of cancellation
 l - 3 potions of haste
 q - a potion of attraction
 s - a potion of might
 t - a potion of lignification {unknown}
 v - 3 potions of ambrosia
 w - 2 potions of resistance
 H - a potion of magic
 K - 2 potions of flight


   Skills:
 * Level 8.4 Fighting
 + Level 1.0(2.8) Maces & Flails
 + Level 4.2(4.3) Staves
 + Level 0.2 Throwing
 * Level 7.2 Dodging
 + Level 3.3 Stealth
 + Level 5.8 Shields
 + Level 0.2 Unarmed Combat
 * Level 13.9 Spellcasting
 * Level 7.0 Conjurations
 + Level 0.3 Hexes
 + Level 0.3 Fire Magic
 * Level 11.8 Ice Magic
 * Level 5.2 Air Magic
 + Level 0.9 Earth Magic
 + Level 2.7 Evocations


You had 19 spell levels left.
You knew the following spells:

 Your Spells              Type           Power      Damage    Failure   Level
a - Freeze                Ice            100%       1d11      0%          1
b - Frozen Ramparts       Ice            100%       1d12      1%          3
c - Ozocubu's Armour      Ice            88%        N/A       1%          3
d - Hailstorm             Conj/Ice       79%        3d16      1%          4
e - Sandblast             Erth           46%        2d11      1%          1
f - Scorch                Fire           38%        2d7       1%          2
g - Ensorcelled Hibernat  Hex/Ice        100%       N/A       1%          2
h - Airstrike             Air            22%        N/A       1%          4

Your spell library contained the following spells:

 Spells                   Type           Power      Damage    Failure   Level
 Yara's Violent Unravell  Hex/Tmut       9%         3d6       21%         5
 Stone Arrow              Conj/Erth      78%        3d11      1%          3
 Passwall                 Tmut/Erth      16%        N/A       3%          2
 Tukima's Dance           Hex            20%        N/A       8%          3
 Gell's Gravitas          Tloc           18%        N/A       10%         3
 Teleport Other           Tloc           18%        N/A       10%         3
 Silence                  Hex/Air        16%        N/A       26%         5
 Passage of Golubria      Tloc           18%        N/A       30%         4
 Dispersal                Tloc           9%         N/A       99%         6
 Lehudib's Crystal Spear  Conj/Erth      19%        10d6      100%        8


Dungeon Overview and Level Annotations

Branches:
Dungeon (11/15)            Temple (1/1) D:6            Lair (4/6) D:8
 Shoals (0/4) Lair:2       Spider (0/4) Lair:3      Ossuary (visited)
Gauntlet (visited)
    Orc: D:9-12

Altars:
Ashenzari
Cheibriados
Dithmenos
Elyvilon
Fedhas
Gozag
Hepliaklqana
Kikubaaqudgha
Makhleb
Nemelex Xobeh
Okawaru
Qazlal
Ru
Sif Muna
Trog
Uskayaw
Vehumet
Wu Jian
Xom
Yredelemnul
Zin
The Shining One
Beogh

Shops:
D:9 (

Annotations:
D:9 2 transporters, SirDiesAlot's ghost, novice MiHu
D:10 2 runed translucent doors, amoryguerra's ghost, journeyman MiBe


Innate Abilities, Weirdness & Mutations

You can breathe bolts of dispelling energy.
Your rich purple scales are hard. (AC +8)
You cannot fit into any form of body armour.
You are cold-blooded and may be slowed by cold attacks.


Message History

You climb downwards.
You feel sick.
Found 40 gold pieces and a potion of degeneration.
Found two stone staircases leading down.
There is a stone staircase leading up here.
You feel better. The cane toad closely misses you. The cane toad stings you!
* * * LOW HITPOINT WARNING * * *
Okay, then.
Okay, then.
You feel better. The cane toad misses you.
You are confused.
You feel invigorated.
The cane toad stings you but does no damage.
The cane toad barely misses you.
Found a stone staircase leading up.
You feel a little less clever now. The cane toad stings you.
* * * LOW HITPOINT WARNING * * *
You miss the cane toad.
You tail-slap the cane toad, but do no damage.
The cane toad stings you but does no damage.
You hit the cane toad. You freeze the cane toad!
The cane toad is moderately wounded.
The cane toad stings you!!
* * * LOW HITPOINT WARNING * * *
You are lethally poisoned!
The cane toad poisons you!
The cane toad stings you but does no damage.
Your magical effects are unravelling.
You feel magically purged.
You feel less invigorated.
You feel less confused.
* * * LOW HITPOINT WARNING * * *
You feel very sick. The cane toad stings you!
* * * LOW HITPOINT WARNING * * *
You are confused.
You feel invigorated.
* * * LOW HITPOINT WARNING * * *
You feel very sick. The cane toad stings you!
You die...

##.........<
...........
..........
.#....$.
##....P# ..
#$.....#...
##.......#..
#P.<@.......
#...F....#..
#.P.!≈≈≈≈≈≈.≈..P
....≈≈≈≈≈≈≈≈≈...
###.≈≈≈≈≈≈≈≈≈...
#..≈≈≈≈≈$≈≈≈...
#..≈≈≈≈≈>≈≈≈≈.>.
#...≈≈≈≈.≈≈≈≈...
#...≈≈≈≈≈≈≈≈≈..


You could see a cane toad.

Vanquished Creatures
  Rupert (Lair:3)
  Gastronok (Lair:3)
  A minotaur (Gauntlet)
  Harold (Lair:2)
  4 hydras
  A centaur warrior (D:11)
  A boulder beetle (D:11)
  Erica (D:9)
  2 two-headed ogres
  2 sixfirhies (Gauntlet)
  2 skeletal warriors (D:11)
  Pikel (D:9)
  4 cyclopes (D:11)
  An elephant (Lair:3)
  A black mamba (Lair:3)
  2 merfolk sirens (Lair:2)
  A gargoyle (D:11)
  5 komodo dragons
  An efreet (D:11)
  5 cane toads
  3 kobold demonologists
  Psyche (D:8)
  A tengu conjurer (D:11)
  4 trolls
  2 merfolk (Lair:2)
  A slime creature (D:11)
  A redback (Lair:3)
  4 wyverns
  39 yaks
  2 basilisks
  3 wraiths (D:11)
  A steam dragon (Lair:3)
  2 vampire mosquitoes (D:11)
  4 acid dragons
  11 water moccasins
  Duvessa (D:7)
  2 orc warriors (D:9)
  A necrophage (D:4)
  2 ice beasts
  2 black bears
  5 wolves (Lair:3)
  5 centaurs
  A phantom (D:6)
  A lemure (D:9)
  2 kobold brigands (D:11)
  3 bullfrogs
  A gnoll sergeant (D:8)
  2 scorpions
  A water moccasin zombie (D:5)
  Dowan (D:7)
  12 killer bees
  9 wights
  5 howler monkeys
  A bullfrog zombie (D:5)
  3 electric eels
  3 centaur zombies
  A centaur skeleton (D:7)
  3 orc priests
  A gnoll shaman (D:9)
  5 hounds
  A jelly (D:7)
  8 orc wizards
  A killer bee zombie (D:4)
  8 mummies (Ossuary)
  7 gnolls
  7 adders
  2 shadow imps
  3 worms
  5 dart slugs
  29 orcs
  10 ball pythons
  6 endoplasms
  2 giant cockroaches
  2 gnoll zombies (Ossuary)
  5 goblins
  4 hobgoblins
  6 jackals
  5 quokkas
  3 bats
  3 frilled lizards
  5 hobgoblin zombies
  11 kobolds
  A kobold zombie (Ossuary)
  2 orc zombies (Ossuary)
  3 rats
329 creatures vanquished.

Vanquished Creatures (collateral kills)
  A quicksilver ooze (Gauntlet)
1 creature vanquished.

Vanquished Creatures (others)
  2 demonic plants (Gauntlet)
  7 fungi
  9 plants
18 creatures vanquished.

Grand Total: 348 creatures vanquished

Notes
Turn   | Place    | Note
-------+----------+-------------------------------------------
     0 | D:1      | Zdeegee the Draconian Ice Elementalist began the quest for
                  | the Orb.
     0 | D:1      | Reached XP level 1. HP: 14/14 MP: 3/3
    55 | D:1      | Found a faded altar of an unknown god.
   196 | D:1      | Reached skill level 1 in Fighting
   249 | D:1      | Reached XP level 2. HP: 21/23 MP: 5/5
  1241 | D:2      | Reached XP level 3. HP: 28/28 MP: 0/6
  1312 | D:2      | Learned a level 3 spell: Frozen Ramparts
  1333 | D:2      | Learned a level 3 spell: Ozocubu's Armour
  1793 | D:2      | Found a snail-covered altar of Cheibriados.
  2591 | D:3      | Reached XP level 4. HP: 36/36 MP: 5/8
  2722 | D:3      | Found a hazy altar of Hepliaklqana.
  2898 | D:3      | Found a glowing silver altar of Zin.
  2899 | D:3      | Noticed an angel
  3080 | D:3      | You fall into a shaft and drop 2 floors!
  3080 | D:5      | Entered Level 5 of the Dungeon
  3080 | D:5      | Noticed an ice beast
  3086 | D:5      | Noticed an ice beast
  3090 | D:5      | Noticed a black bear
  3095 | D:5      | Killed a black bear
  3096 | D:5      | Reached skill level 3 in Spellcasting
  3096 | D:5      | Reached XP level 5. HP: 32/42 MP: 1/9
  3192 | D:3      | Reached skill level 1 in Shields
  3192 | D:3      | Reached skill level 5 in Ice Magic
  3760 | D:3      | Reached skill level 1 in Conjurations
  4038 | D:4      | Reached XP level 6. HP: 45/50 MP: 4/11
  4855 | D:4      | Identified the +4 quarterstaff "Zuusue" {speed, rCorr}
  4865 | D:4      | Found a blossoming altar of Fedhas.
  5040 | D:4      | Noticed a yak
  5041 | D:4      | Noticed a yak
  5041 | D:4      | Noticed a yak
  5075 | D:3      | Killed a yak
  5076 | D:3      | Your scales start taking on a rich purple colour.
  5076 | D:3      | Reached skill level 4 in Spellcasting
  5076 | D:3      | Reached XP level 7. HP: 44/57 MP: 6/14
  5132 | D:3      | Killed a yak
  5436 | D:4      | Killed a yak
  5437 | D:4      | Reached skill level 1 in Maces & Flails
  5437 | D:4      | Reached skill level 1 in Staves
  5437 | D:4      | Reached skill level 5 in Spellcasting
  5442 | D:4      | Learned a level 4 spell: Hailstorm
  5893 | D:5      | Reached XP level 8. HP: 63/63 MP: 15/15
  6828 | D:6      | Found a staircase to the Ecumenical Temple.
  6879 | Temple   | Entered the Ecumenical Temple
  7070 | D:6      | Found a sand-covered staircase.
  7097 | D:6      | Reached skill level 6 in Spellcasting
  7104 | Ossuary  | Entered an ossuary
  7988 | D:6      | Reached XP level 9. HP: 71/72 MP: 14/18
  8291 | Temple   | Became a worshipper of Vehumet
  8345 | D:6      | Found a stormy altar of Qazlal.
  8360 | D:6      | Found a basalt altar of Yredelemnul.
  8808 | D:7      | Noticed Dowan
  9063 | D:7      | Killed Dowan
  9552 | D:7      | Noticed Duvessa
  9562 | D:7      | Killed Duvessa
  9731 | D:7      | Found a glowing golden altar of the Shining One.
  9877 | D:7      | Reached skill level 7 in Spellcasting
 10340 | D:8      | Found a staircase to the Lair.
 10344 | D:8      | Noticed Psyche
 10349 | D:8      | Killed Psyche
 10350 | D:8      | Reached skill level 5 in Fighting
 10746 | D:8      | Reached * piety under Vehumet
 10746 | D:8      | Offered knowledge of Sandblast by Vehumet.
 10784 | D:8      | Learned a level 1 spell: Sandblast
 11445 | D:9      | Found a runed translucent door.
 11522 | D:9      | Reached skill level 8 in Spellcasting
 11561 | D:9      | Noticed a troll
 11562 | D:9      | Noticed Pikel
 11569 | D:9      | Killed Pikel
 11569 | D:9      | Killed a troll
 11570 | D:9      | Reached XP level 10. HP: 26/81 MP: 9/22
 11844 | D:9      | Found Kixioqistra's Antique Weapon Shop.
 11852 | D:9      | Bought a brightly glowing falchion for 232 gold pieces
 11852 | D:9      | Identified the +7 falchion of Corruption {vorpal, +Blink
                  | rC+++ Int-3 Dex-5} (You bought it in a shop on level 9 of
                  | the Dungeon)
 11921 | D:9      | Found a shimmering blue altar of Sif Muna.
 11921 | D:9      | Found a shimmering altar of Xom.
 11929 | D:9      | Found a faded altar of an unknown god.
 11931 | D:9      | Found an ornate altar of the Wu Jian Council.
 11933 | D:9      | Found a faded altar of an unknown god.
 12072 | D:9      | Noticed Erica
 12080 | D:9      | Killed Erica
 12229 | D:9      | Found a transporter.
 12409 | D:9      | Found a transporter.
 12410 | D:9      | Noticed SirDiesAlot's ghost (novice MiHu)
 12410 | D:9      | Noticed a two-headed ogre
 12466 | D:9      | Noticed a two-headed ogre
 12467 | D:9      | Noticed a two-headed ogre
 12467 | D:9      | Noticed a two-headed ogre
 12468 | D:9      | Identified the +3 giant club of the Six Curses {antimagic,
                  | Str+4}
 12468 | D:9      | Noticed a two-headed ogre
 12487 | D:9      | Reached skill level 9 in Spellcasting
 12709 | D:9      | Reached ** piety under Vehumet
 12710 | D:9      | Offered knowledge of Magic Dart by Vehumet.
 12714 | D:9      | Reached skill level 5 in Dodging
 12986 | D:10     | Entered Level 10 of the Dungeon
 13113 | D:10     | Found a large runed translucent door.
 13113 | D:10     | Found a large runed translucent door.
 13114 | D:10     | Noticed amoryguerra's ghost (journeyman MiBe)
 13163 | D:10     | Noticed a two-headed ogre
 13286 | D:10     | Killed a two-headed ogre
 13365 | D:10     | Reached skill level 5 in Shields
 13781 | D:10     | Reached skill level 1 in Evocations
 13880 | D:10     | Reached skill level 5 in Conjurations
 13880 | D:10     | Reached XP level 11. HP: 82/89 MP: 13/24
 13881 | D:10     | Offered knowledge of Scorch by Vehumet.
 13885 | D:10     | Learned a level 2 spell: Scorch
 14575 | D:11     | Noticed a skeletal warrior
 14576 | D:11     | Reached skill level 10 in Spellcasting
 14580 | D:11     | Noticed a centaur warrior
 14590 | D:11     | Killed a skeletal warrior
 14819 | D:11     | Reached skill level 10 in Ice Magic
 14988 | D:11     | Reached *** piety under Vehumet
 15289 | D:11     | Learned a level 2 spell: Ensorcelled Hibernation
 15308 | D:11     | Noticed a two-headed ogre
 15551 | D:11     | Killed a two-headed ogre
 15587 | D:11     | Reached skill level 11 in Spellcasting
 15596 | D:11     | Killed a centaur warrior
 15778 | D:11     | Offered knowledge of Airstrike by Vehumet.
 15784 | D:11     | Learned a level 4 spell: Airstrike
 15959 | D:11     | Reached XP level 12. HP: 82/100 MP: 14/27
 16111 | D:11     | Reached skill level 1 in Air Magic
 16133 | D:11     | Noticed a four-headed hydra
 16150 | D:11     | Killed a four-headed hydra
 17246 | D:11     | Noticed a boulder beetle
 17258 | D:11     | Killed a boulder beetle
 17511 | Lair:1   | Entered Level 1 of the Lair of Beasts
 17525 | Lair:1   | Reached skill level 12 in Spellcasting
 17529 | Lair:1   | Reached **** piety under Vehumet
 17535 | Lair:1   | Found a gate leading to a gauntlet.
 17614 | Gauntlet | Entered a Gauntlet
 17614 | Gauntlet | Found a transporter.
 17615 | Gauntlet | Noticed a seven-headed hydra
 17618 | Gauntlet | Found a transporter.
 17624 | Gauntlet | Found a transporter.
 17624 | Gauntlet | Found a transporter.
 17625 | Gauntlet | Found a transporter.
 17627 | Gauntlet | Found a transporter.
 17627 | Gauntlet | Noticed a quicksilver ooze
 17641 | Gauntlet | Found a transporter.
 17658 | Gauntlet | Found a transporter.
 17663 | Gauntlet | Found a transporter.
 17667 | Gauntlet | Found a transporter.
 17673 | Gauntlet | Noticed a quicksilver ooze
 17714 | Gauntlet | Found a transporter.
 17795 | Gauntlet | Found a transporter.
 17926 | Gauntlet | Identified the +7 long sword "Onwihesu" {venom, rF- rC+++
                  | Int+8 Stlth+}
 17926 | Gauntlet | Killed a quicksilver ooze
 17931 | Gauntlet | Identified the +2 pair of gloves "Tufuyv" {rF+}
 18196 | Gauntlet | Found the +11 plutonium sword {Contam Stlth-}
 18209 | Gauntlet | Identified the ring of Wirhaebe {rC+ SInv}
 18349 | Gauntlet | Noticed a minotaur
 18363 | Gauntlet | Killed a minotaur
 18367 | Gauntlet | Identified the +6 spear of the Vestibule of Hell {spect,
                  | rF+ rC+}
 18774 | Lair:1   | Offered knowledge of Yara's Violent Unravelling by Vehumet.
 19097 | Lair:1   | Noticed a seven-headed hydra
 19101 | Lair:1   | Killed a seven-headed hydra
 19201 | Lair:1   | Noticed an eight-headed hydra
 19207 | Lair:1   | Killed an eight-headed hydra
 19645 | Lair:2   | Reached skill level 13 in Spellcasting
 19766 | Lair:2   | Found a staircase to the Shoals.
 19996 | Lair:2   | Reached XP level 13. HP: 107/107 MP: 18/30
 20282 | Lair:2   | Noticed Harold
 20296 | Lair:2   | Killed Harold
 20451 | Lair:2   | You fall into a shaft and drop 1 floor!
 20783 | Lair:3   | Noticed Rupert
 20805 | Lair:3   | Killed Rupert
 21529 | Lair:3   | Reached skill level 5 in Air Magic
 21740 | Lair:3   | Noticed Gastronok
 21741 | Lair:3   | Found a hole to the Spider Nest.
 21784 | Lair:3   | Killed Gastronok
 21802 | Lair:4   | HP: 4/108 [cane toad (17)]
 21809 | Lair:4   | HP: 4/108 [cane toad (8)]
 21810 | Lair:4   | Slain by a cane toad

Illustrated notes

Levels and vault maps discovered:
D:1:      minmay_arrival_jagged, layout_loops_corners,
          hellmonk_ecumenical_altar_pennies_from_heaven
D:2:      layout_basic, basic_altar, minmay_misc_feat_more_columns
D:3:      layout_loops_ring, nicolae_hepliaklqana_hazy_memory, zin_angel
D:4:      layout_rooms, mainiacjoe_overflow_boulevard
D:5:      nicolae_cairo_tiling, layout_cave_pools
D:6:      layout_basic, mainiacjoe_overflow_surrounded_room,
          mainiacjoe_overflow_alcove_4, minmay_temple_entry_mist,
          enter_ossuary_3
D:7:      nicolae_cairo_tiling_large, layout_cave_pods,
          mainiacjoe_overflow_small_starburst, uniq_duvessa
D:8:      layout_loops_cross, lair_entry_dummy, uniq_psyche
D:9:      layout_cave_pools, chequers_temple_overflow_minitemple,
          gammafunk_ghost_smash, serial_shops, shop, lightli_church_of_beogh,
          uniq_pikel, uniq_erica
D:10:     layout_basic, ebering_ghost_disaster_area
D:11:     minmay_the_grid_3x2 [minmay_the_grid_tiny_cups,
          minmay_the_grid_gridbox, minmay_the_grid_outer_diamond,
          minmay_the_grid_small_cups, minmay_the_grid_rooms,
          minmay_the_grid_prize_big_room], layout_stronghold,
          amcnicky_mini_pool_small, nicolae_lava_and_water
Temple:   oiseaux_autumnal_temple
Lair:1:   layout_gridlike, gauntlet_entry_generic
Lair:2:   dragon1_lemuel, layout_gridlike, elwin_shoals_entry_stream,
          grunt_megastairs_4, uniq_harold
Lair:3:   layout_chaotic_city, spider_nest_entry_a, uniq_gastronok, uniq_rupert
Lair:4:   layout_misc_corridors, kennysheep_rathole, infiniplex_staircase_pool_2

Skill      XL: |  1  2  3  4  5  6  7  8  9 10 11 12 13 |
---------------+----------------------------------------+-----
Fighting       | 1 2 3 4 5 6 7 8 |  8.4
Dodging        | 2 3 4 5 6 7 |  7.2
Spellcasting   | 3 4 5 6 8 9 11 13 | 13.9
Shields        | 1 2 3 4 5 |  5.8
Ice Magic      | 5 6 8 9 10 11 | 11.8
Conjurations   | 1 2 3 4 5 6 7 |  7.0
Stealth        | 2 3 |  3.3
Maces & Flails | 1 |  1.0
Staves         | 1 2 3 4 |  4.2
Evocations     | 1 2 |  2.7
Air Magic      | 3 5 |  5.2
Throwing       | |  0.2
Unarmed Combat | |  0.2
Hexes          | |  0.3
Fire Magic     | |  0.3
Earth Magic    | |  0.9

Action                   |  1- 3 |  4- 6 |  7- 9 | 10-12 | 13-15 || total
-------------------------+-------+-------+-------+-------+-------++-------
Melee: Unarmed           |     4 |       |       |       |       ||     4
       Dagger            |    39 |     1 |       |       |       ||    40
       Tailslap          |     9 |     4 |    17 |    16 |     1 ||    47
       Flail             |       |    38 |       |       |       ||    38
       Quarterstaff      |       |    14 |   136 |    39 |       ||   189
       Staff             |       |       |    64 |    60 |     3 ||   127
Throw: Dart              |       |       |       |     6 |       ||     6
 Cast: Freeze            |    50 |    61 |    73 |   130 |    17 ||   331
       Frozen Ramparts   |     1 |    12 |    35 |    50 |     7 ||   105
       Ozocubu's Armour  |       |     2 |    24 |    34 |     5 ||    65
       Hailstorm         |       |       |     9 |    65 |    14 ||    88
       Sandblast         |       |       |     4 |       |       ||     4
       Ensorcelled Hiber |       |       |       |     6 |     1 ||     7
       Scorch            |       |       |       |     5 |     2 ||     7
       Airstrike         |       |       |       |    26 |    51 ||    77
 Abil: Breathe Dispellin |       |       |       |     1 |     1 ||     2
Evoke: Wand              |       |     2 |     3 |    21 |     3 ||    29
  Use: Scroll            |     2 |     1 |    15 |    14 |     1 ||    33
       Potion            |       |     1 |     2 |     6 |     9 ||    18
 Stab: Sleeping          |     1 |     2 |     1 |       |       ||     4
       Paralysed         |       |     4 |     4 |       |       ||     8
Armor: Skin              |    18 |    55 |   132 |   147 |    38 ||   390
Dodge: Dodged            |    59 |    98 |   225 |   194 |    51 ||   627

Table legend: (Time is in decaauts)
 A = Elapsed time spent in this place.
 B = Non-inter-level travel time spent in this place.
 C = Inter-level travel time spent in this place.
 D = Time resting spent in this place.
 E = Time spent auto-exploring this place.
 F = Levels seen in this place.
 G = Mean time per level.
                   A        B        C        D        E       F      G
               +--------+--------+--------+--------+--------+-----+--------+
         Total |  21839 |  21315 |    524 |   5270 |  12218 |  18 | 1213.3 |
       Dungeon |  16573 |  16202 |    371 |   3665 |   9884 |  11 | 1506.6 |
        Temple |    399 |    295 |    104 |      0 |    248 |   1 |  399.0 |
          Lair |   3538 |   3490 |     48 |   1030 |   2011 |   4 |  884.5 |
       Ossuary |    564 |    564 |      0 |    286 |     74 |   1 |  564.0 |
      Gauntlet |    763 |    763 |      0 |    289 |      0 |   1 |  763.0 |
               +--------+--------+--------+--------+--------+-----+--------+

Top non-repeatable levels by time:
    D:11: 3258 daAuts
     D:3: 2246 daAuts
     D:9: 1603 daAuts
     D:2: 1440 daAuts
     D:4: 1356 daAuts
  Lair:3: 1349 daAuts
     D:7: 1348 daAuts
  Lair:1: 1287 daAuts
    D:10: 1190 daAuts
     D:8: 1113 daAuts
     D:1: 1094 daAuts
     D:6: 1018 daAuts
     D:5: 901 daAuts
  Lair:2: 893 daAuts
Gauntlet: 763 daAuts
